Map: Orbital Shipyard

Players

MorN - Winner!

  • Race: Terran Terran
  • League: Gold

PixelParty

  • Race: Terran Terran
  • League: Gold

VOD

Have the link to the VOD?

Description

Time

  • Played on: Nov. 9, 2015, 8:47 p.m.
  • Length: 13:28
Show
View Real Time Build Order
Export as new Build Order

MorN Terran - Winner!

Build Orders: Bio Tank 

Get SALT Encoding   

  12  0:00  SCV  
  13  0:13  SCV  
  14  0:24  Supply Depot  
  14  0:25  SCV  
  15  0:37  Refinery  
  15  0:46  SCV  
  15  0:49  Barracks  
  16  0:58  SCV  
  17  1:10  SCV  
  18  1:22  SCV  
  19  1:40  Factory  
  19  1:41  Orbital Command  
  19  1:42  Marine  
  20  1:51  Supply Depot  
  20  2:00  Marine  
  21  2:07  SCV  
  22  2:11  Refinery  
  22  2:17  Marine  
  23  2:23  Command Center  
  22  2:32  Starport  
  22  2:40  Marine  
  22  2:41  Factory Tech Lab  
  23  2:50  SCV  
  24  3:01  Marine  
  24  3:02  Siege Tank  
  24  3:04  SCV  
  29  3:19  SCV, Marine  
  31  3:26  Supply Depot  
  31  3:34  SCV, Medivac  
  31  3:37  Barracks Reactor  
  31  3:39  Orbital Command  
  34  3:46  SCV  
  35  3:53  Siege Tank  
  38  3:58  SCV  
  39  4:10  SCV  
  39  4:11  SCV  
  39  4:14  Marine x2  
  39  4:16  Medivac  
  45  4:21  Supply Depot  
  45  4:22  SCV  
  45  4:23  SCV, Engineering Bay  
  47  4:34  SCV  
  48  4:39  Cyclone, Marine x2  
  48  4:40  SCV  
  54  4:50  Missile Turret  
  54  4:51  SCV  
  55  4:53  SCV  
  55  4:59  Marine x2  
  58  5:03  SCV  
  58  5:04  Command Center  
  59  5:13  SCV  
  60  5:22  SCV  
  56  5:29  SCV  
  56  5:32  Refinery x2  
  57  5:36  Barracks  
  57  5:37  Barracks  
  57  5:43  Siege Tank, Starport Reactor  
  57  5:45  Barracks Tech Lab  
  57  5:49  SCV  
  61  5:50  SCV  
  61  5:52  Supply Depot  
  61  5:53  Terran Infantry Weapons Level 1, Supply Depot  
  62  6:04  Supply Depot  
  62  6:07  Stimpack  
  62  6:14  SCV x2  
  62  6:15  Missile Turret  
  64  6:19  Orbital Command  
  64  6:26  SCV  
  64  6:27  SCV  
  64  6:29  Supply Depot  
  66  6:32  Starport Reactor  
  66  6:37  Barracks, Marine x3  
  66  6:38  SCV, Marine x2  
  66  6:39  Barracks  
  72  6:42  SCV  
  72  6:44  Supply Depot  
  76  6:54  Siege Tank  
  76  6:55  Marine x4  
  76  6:56  Marine  
  76  6:58  SCV  
  76  7:01  SCV  
  83  7:02  Supply Depot  
  83  7:03  Engineering Bay  
  83  7:04  Orbital Command  
  83  7:09  Armory  
  83  7:13  Marine x3  
  83  7:14  SCV  
  87  7:34  Marine  
  87  7:35  Barracks Reactor, Marine  
  87  7:36  Siege Tank  
  92  7:41  Marine x2  
  92  7:42  Medivac x2  
  98  7:45  SCV x3  
  101  7:52  Terran Infantry Armor Level 1  
  101  7:53  Supply Depot  
  101  7:56  Marine  
  101  7:57  SCV x3, Marine x2  
  101  7:58  Barracks Reactor  
  106  7:59  Terran Infantry Weapons Level 2  
  106  8:02  Refinery  
  106  8:05  Marine x2  
  107  8:06  Supply Depot  
  107  8:09  SCV x2  
  107  8:11  Marine x2  
  107  8:12  SCV  
  113  8:14  Marine x2  
  113  8:15  Marine  
  113  8:16  Combat Shields  
  116  8:20  Supply Depot  
  116  8:21  SCV x2  
  116  8:22  Terran Vehicle Weapons Level 1  
  116  8:23  Siege Tank, Marine  
  116  8:24  SCV  
  123  8:33  SCV x2  
  125  8:36  SCV  
  125  8:39  Marine x3  
  125  8:40  Marine x5  
  134  8:41  Marine  
  134  8:45  SCV  
  135  8:50  Medivac  
  139  8:55  Siege Tank  
  139  8:57  Marine x4  
  139  8:58  Marine x3  
  140  9:08  Marine x2  
  119  9:14  Barracks  
  119  9:15  Barracks, Marine x3  
  119  9:16  Barracks  
  122  9:18  Marine x3  
  122  9:22  Marine  
  123  9:25  Marine  
  123  9:26  Marauder  
  123  9:30  Siege Tank, Medivac x2  
  133  9:33  Marine x3  
  133  9:34  Supply Depot  
  133  9:35  Marine  
  133  9:36  Marine  
  117  10:01  Marine x4  
  117  10:02  Marine x5  
  126  10:07  Barracks Reactor x2  
  126  10:13  Siege Tank, Medivac x2  
  133  10:19  Marine x6  
  133  10:20  Marine x3  
  133  10:21  Barracks Reactor  
  141  10:36  Marine  
  141  10:37  Marine x8  
  141  10:38  Supply Depot  
  141  10:40  Supply Depot  
  141  10:42  Supply Depot  
  150  10:45  Siege Tank  
  150  10:47  Marine x3  
  150  10:49  Marine  
  157  10:59  Marine x8  
  157  11:01  Marine x3  
  157  11:02  Medivac  
  170  11:05  Marine  
  170  11:06  Command Center  
  170  11:07  Marine  
  168  11:17  Siege Tank, Marine x2  
  166  11:38  Marine x3  
  166  11:39  Marauder, Marine  
  163  11:40  Marine x2  
  158  11:49  Siege Tank  
  158  11:53  Marine x2  
  158  11:54  Medivac, Marine x2  
  158  12:00  Marauder, Marine x3  
  160  12:18  Marine x3  
  160  12:21  Siege Tank  
  160  12:22  Marine x4  
  162  12:23  Marine x3  
  162  12:25  Supply Depot  
  145  12:30  Marine x4  
  145  12:31  Marine  
  142  12:41  Marine  
  143  12:44  Marine x2  
  143  12:45  Marine x3  
  143  12:49  Marauder, Marine  
  143  12:51  Planetary Fortress  
  151  12:53  Siege Tank  
  151  12:56  Missile Turret  
  154  13:01  Marine x2  
Show
View Real Time Build Order
Export as new Build Order

PixelParty Terran 

Build Orders: Reaper Expand, MMM Bio 

Get SALT Encoding   

  12  0:01  SCV  
  13  0:13  SCV  
  14  0:18  Supply Depot  
  14  0:25  SCV  
  15  0:39  SCV  
  15  0:41  Barracks  
  16  0:44  Refinery  
  16  0:51  SCV  
  17  1:03  SCV  
  18  1:15  SCV  
  19  1:27  Orbital Command  
  19  1:29  Reaper  
  20  1:41  Command Center  
  20  1:50  Supply Depot  
  20  1:54  SCV  
  21  2:04  Marine  
  22  2:15  SCV, Factory  
  23  2:27  SCV  
  23  2:36  Marine  
  24  2:39  SCV  
  24  2:40  Refinery  
  24  2:51  SCV  
  24  2:53  Marine  
  24  2:54  Engineering Bay  
  26  2:58  SCV  
  26  3:02  Factory Tech Lab  
  26  3:03  Starport  
  27  3:09  SCV  
  27  3:11  Marine, Orbital Command  
  29  3:21  SCV  
  29  3:23  Missile Turret  
  30  3:28  Missile Turret  
  30  3:29  Marine  
  30  3:34  SCV  
  32  3:46  SCV  
  32  3:47  Barracks  
  33  3:50  Raven  
  33  3:53  SCV  
  33  3:54  Barracks Reactor  
  36  3:57  Factory Tech Lab  
  36  3:58  SCV  
  37  4:05  SCV  
  37  4:07  Supply Depot  
  38  4:10  SCV  
  39  4:17  SCV  
  39  4:19  Siege Tank  
  39  4:22  SCV  
  44  4:24  Missile Turret  
  44  4:29  SCV  
  44  4:30  Barracks  
  45  4:33  Viking  
  45  4:36  Marine x2  
  49  4:40  Barracks Tech Lab  
  49  4:43  SCV x2, Supply Depot  
  51  4:52  Supply Depot  
  51  4:54  Reaper, Refinery  
  51  4:55  SCV x2  
  51  4:58  Refinery  
  50  5:07  SCV  
  50  5:09  SCV  
  52  5:28  SCV  
  52  5:31  Supply Depot  
  52  5:33  Medivac  
  51  5:44  SCV x2  
  51  5:48  Stimpack  
  53  5:50  Barracks Reactor  
  53  5:55  Marine x3  
  53  5:56  SCV  
  57  6:00  Barracks  
  57  6:02  Barracks  
  57  6:03  Command Center, Medivac  
  59  6:06  Siege Tank  
  59  6:09  Supply Depot  
  59  6:11  Supply Depot, SCV x2  
  62  6:13  Marine x2  
  62  6:15  Terran Infantry Weapons Level 1  
  66  6:21  Marine  
  66  6:23  SCV x2  
  69  6:31  Marine  
  70  6:32  Marine  
  70  6:33  Medivac, Marine x2  
  70  6:35  SCV x2  
  70  6:39  Marine  
  78  6:47  SCV  
  78  6:48  SCV, Supply Depot  
  78  6:49  Barracks Reactor, Marine  
  78  6:50  Barracks Reactor, Supply Depot  
  81  6:59  SCV  
  81  7:00  SCV  
  83  7:05  Medivac  
  85  7:08  Siege Tank  
  85  7:12  SCV x2, Marine x4, Marauder  
  96  7:24  SCV x2  
  96  7:30  Marine x3  
  96  7:36  SCV x2  
  98  7:37  Marine x3  
  101  7:46  Orbital Command  
  101  7:49  Combat Shields  
  101  7:51  Barracks  
  101  7:52  Marine  
  101  7:53  Marine x5  
  101  7:54  Siege Tank, Barracks  
  101  7:55  Barracks  
  101  7:57  Barracks  
  110  8:02  Missile Turret  
  110  8:03  Missile Turret  
  110  8:07  SCV  
  110  8:10  Supply Depot  
  110  8:11  Marine x3  
  110  8:12  Supply Depot  
  114  8:13  SCV  
  114  8:17  Terran Infantry Armor Level 1  
  115  8:31  Medivac  
  115  8:32  Missile Turret  
  117  8:37  Missile Turret  
  94  9:29  Marine x4  
  94  9:30  Marine x3  
  94  9:31  Siege Tank  
  99  9:40  Viking  
  97  10:02  Marine x3  
  97  10:04  Marine  
  97  10:05  SCV x3  
  97  10:07  Barracks Reactor x2  
  97  10:08  Barracks Reactor  
  95  10:15  Barracks Reactor  
  95  10:19  Marine  
  95  10:20  Marine x7  
  99  10:22  Marine  
  98  10:31  Concussive Shells  
  98  10:37  Marine, Starport Reactor  
  98  10:38  Marine x7  
  98  10:40  Marine  
  104  10:54  Marine x8  
  104  10:55  Marine  
  104  10:56  Marine x7  
  120  10:58  Marine  
  120  10:59  Armory  
  120  11:01  Engineering Bay  
  121  11:11  Marine  
  121  11:12  Marine x7  
  121  11:13  Marine x4  
  121  11:14  Marine x4  
  121  11:15  Marine  
  138  11:29  Marine  
  103  11:47  Marine  
  103  11:50  Marine  
  103  11:51  Marine x11  
  103  11:53  Marine x2  
  104  12:05  Marine  
  104  12:08  Marine x3  
  95  12:09  Marine x7  
  95  12:11  Marine x2  
  69  12:23  Marine  
  69  12:25  Marine  
  69  12:29  Marine x6  
  62  12:30  Marine x5  
  70  12:41  Marine  
  70  12:43  Marine  
  72  12:47  Marine x11  
  77  12:58  Marine  
  77  13:01  Marine  
  77  13:04  Marine  
  77  13:05  Marine x8  
Tags
 
Composition
Bio TankMMM Bio
League
GoldGold
Matchup
TvT
Race
Terran
Replay Pack
MorN pack 1
Add a new tag
Caveats
  • Supply blocks, unpowered buildings, or Contaminate may cause inaccurate times.
  • Supply counts are checked every 10 seconds.